Bears vs Devils

Created - Thursday, November 12, 2015 at 12:56

Goals
1 2 3 T
Bears 0 0 1 1
Devils 1 0 3 4
Shots
1 2 3 T
Bears 4 3 13 20
Devils 4 4 11 19

1st period

1. Devils , Sean Collins 2 (Jordan Martinook, Garrett Thompson) at 19:19 (PP)

Penalties :
Colin Miller (ALB) for Hooking (Minor) at 10:00, Steve Oleksy (Her) for Hooking (Minor) at 14:46, FARM PLAYER12 (Her) for Interference (Minor) at 19:11

2nd period

No Goal

Penalties :
Sena Acolatse (ALB) for Holding (Minor) at 5:20

3rd period

2. Devils , Sean Collins 3 (Matthew Ford, Colin Miller) at 0:38
3. Devils , Tom Kuhnhackl 2 (Colin Miller, Yanni Gourde) at 2:19
4. Devils , Chris Mueller 1 (Darroll Powe, Zach O'Brien) at 3:54
5. Bears , Kevin Henderson 1 (Maxim Noreau, Kyle Cumiskey) at 16:51 (SH)

Penalties :
Colin Miller (ALB) for Holding (Minor) at 8:27, FARM PLAYER12 (Her) for High sticking (Minor) at 11:28, Maxime Macenauer (Her) for Hooking (Minor) at 15:00

Goalie Stats

FARM GOALIE1 (Her), 13 saves from 17 shots - (0.765), L, 0-6-0, 43:54 minutes
John Gibson (Her), 2 saves from 2 shots - (1.000), 16:06 minutes
Anthony Stolarz (ALB), 19 saves from 20 shots - (0.950), W, 7-2-5, 60:00 minutes

Players Stats for Bears

Player Name              G  A  P  +/- PIM S  H  SB GA TA FO     MP     PP MP  PK MP  
------------------------------------------------------------------------------------
Andreas Athanasiou       0  0  0  -1  0   4  1  1  0  0  1/1    14:36   0:00   1:53 
Ben Youds                0  0  0   0  0   0  0  1  0  0  0/0    23:05   2:40   3:19 
Brad Mills               0  0  0   0  0   1  0  0  0  0  0/0     2:04   0:00   0:41 
Brett Sutter             0  0  0  -3  0   0  1  1  0  1  3/7    20:30   2:18   0:00 
Chad LaRose              0  0  0   0  0   1  1  0  0  1  2/6    19:31   2:52   2:42 
David Dziurzynski        0  0  0   0  0   0  0  0  0  0  0/0     0:00   0:00   0:00 
FARM PLAYER12            0  0  0   0  4   1  0  0  0  0  0/0    17:57   0:29   1:31 
Jeremy Langlois          0  0  0  -2  0   2  1  0  1  0  0/0    12:59   3:05   0:00 
Justin Florek            0  0  0  -2  0   1  5  0  2  1  1/1    20:57   2:12   0:00 
Kevin Henderson          1  0  1   1  0   3  2  0  0  2  0/0    15:52   0:00   1:47 
Kyle Cumiskey            0  1  1  -1  0   0  1  0  1  1  0/0    23:22   3:17   2:46 
Ludwig Bystrom           0  0  0  -1  0   1  0  1  1  1  0/0    14:38   0:00   0:43 
Luke Adam                0  0  0   0  0   1  3  0  3  2  2/8    16:35   2:52   0:00 
Maxim Noreau             0  1  1  -1  0   0  2  3  2  0  0/0    23:22   3:17   2:46 
Maxime Macenauer         0  0  0   0  2   2  1  0  1  2  0/2    12:31   0:00   0:00 
Stefan Matteau           0  0  0   0  0   3  1  0  2  0  1/3    20:12   2:52   3:36 
Steve Oleksy             0  0  0   0  2   0  3  0  0  1  0/0    22:21   2:40   2:36 
Tyler Brown              0  0  0  -1  0   0  2  1  2  0  1/4    13:19   1:11   0:00 

Players Stats for Devils

Player Name              G  A  P  +/- PIM S  H  SB GA TA FO     MP     PP MP  PK MP  
------------------------------------------------------------------------------------
Chris Mueller            1  0  1   1  0   2  2  0  0  2  0/0    16:40   0:27   0:22 
Colin Miller             0  2  2   1  4   2  1  0  0  0  0/0    26:07   2:45   1:25 
Darren Archibald         0  0  0  -1  0   0  2  0  0  0  0/0     4:53   0:15   2:21 
Darroll Powe             0  1  1   1  0   2  3  0  2  1  8/11   19:49   2:44   0:43 
Gabriel Beaupre          0  0  0   1  0   0  4  1  0  3  0/0    22:11   2:58   1:08 
Garrett Thompson         0  1  1   1  0   0  1  1  0  1  0/0    23:00   2:12   4:49 
Joel Hanley              0  0  0   1  0   0  0  2  0  0  0/0    24:33   2:29   4:00 
John Ramage              0  0  0   0  0   0  1  0  0  0  0/0     0:58   0:00   0:00 
Jordan Martinook         0  1  1   1  0   4  5  0  4  2  4/4    20:53   2:16   2:53 
Justin Dowling           0  0  0   0  0   0  0  0  2  0  2/2     5:14   0:00   0:00 
Matthew Ford             0  1  1   1  0   1  3  0  0  0  1/2    20:46   2:17   2:53 
Rod Pelley               0  0  0   0  0   1  2  0  0  1  1/6    15:58   1:22   0:00 
Scooter Vaughan          0  0  0   0  0   0  0  0  0  0  0/0     7:31   0:00   0:32 
Sean Collins             2  0  2   1  0   3  0  1  4  0  4/6    15:47   3:01   0:43 
Sena Acolatse            0  0  0   0  2   0  0  0  0  1  0/0    16:51   1:46   0:00 
Tom Kuhnhackl            1  0  1   1  0   1  1  0  6  1  1/1    16:49   0:00   1:59 
Yanni Gourde             0  1  1   1  0   1  2  1  1  0  0/0    16:48   2:49   0:00 
Zach O'Brien             0  1  1   0  0   2  1  0  2  0  0/0    19:12   3:04   0:00 

3 Stars

1 - Sean Collins (ALB)
2 - Kevin Henderson (Her)
3 - Chris Mueller (ALB)

Power Play

Bears - 0 on 3 Attempt(s) - 0.00%
Devils - 1 on 4 Attempt(s) - 25.00%

Penalty Kill

Bears - 3 on 4 Attempt(s) - 75.00% - Score 1 goal in Penalty Kill
Devils - 3 on 3 Attempt(s) - 100.00% - Score 0 goal in Penalty Kill

Team Stat

Bears - Hits : 24 - Faceoff Wins : 11 - Blocked Shots : 8 - Penalty Minutes : 8
Devils - Hits : 28 - Faceoff Wins : 21 - Blocked Shots : 6 - Penalty Minutes : 6

Official

Referees : Unknown
Linesman : Unknown

Game Notes

John Gibson enters game at 3:54 of 3rd period

Finance

Level 1 -- Attendance: 1408 (70.40%) -- Ticket Income $49,280
Level 2 -- Attendance: 720 (72.00%) -- Ticket Income $10,800
Total Attendance: 2128 (70.93%)
Total Ticket Income: $60,080
Other Income: $29,439
Total Income: $89,519

Bears

5 vs 5 Forward 
   Center                   Left Wing                Right Wing               Time % Phy DF OF 
 1 Luke Adam                Stefan Matteau           Chad LaRose              35     1   2  2  
 2 Brett Sutter             Justin Florek            Jeremy Langlois          30     1   2  2  
 3 Tyler Brown              Andreas Athanasiou       Brett Sutter             22     1   2  2  
 4 Maxime Macenauer         Kevin Henderson          Justin Florek            13     1   2  2  

5 vs 5 Defense 
   Defense                  Defense                                           Time % Phy DF OF 
 1 Maxim Noreau             Kyle Cumiskey                                     35     1   2  2  
 2 Ben Youds                Steve Oleksy                                      30     1   2  2  
 3 Ludwig Bystrom           FARM PLAYER12                                     22     1   2  2  
 4 Maxim Noreau             Kyle Cumiskey                                     13     1   2  2  

PowerPlay Forward 
   Center                   Left Wing                Right Wing               Time % Phy DF OF 
 1 Luke Adam                Stefan Matteau           Chad LaRose              60     1   2  2  
 2 Brett Sutter             Justin Florek            Jeremy Langlois          40     1   2  2  

PowerPlay Defense
   Defense                  Defense                                           Time % Phy DF OF 
 1 Maxim Noreau             Kyle Cumiskey                                     60     1   2  2  
 2 Ben Youds                Steve Oleksy                                      40     1   2  2  

Penalty Kill 4 Players Forward 
   Center                   Wing                     Time % Phy DF OF 
 1 Chad LaRose              Stefan Matteau           60     1   2  2  
 2 Brett Sutter             Justin Florek            40     1   2  2  

Penalty Kill 4 Players Defense
   Defense                  Defense                  Time % Phy DF OF 
 1 Maxim Noreau             Kyle Cumiskey            60     1   2  2  
 2 Ben Youds                Steve Oleksy             40     1   2  2  

Penalty Kill - 3 Players Forward 
   Forward                                           Time % Phy DF OF 
 1 Brett Sutter                                      60     1   2  2  
 2 Stefan Matteau                                    40     1   2  2  

Penalty Kill - 3 Players Defense
   Defense                  Defense                  Time % Phy DF OF 
 1 Maxim Noreau             Kyle Cumiskey            60     1   2  2  
 2 Ben Youds                Steve Oleksy             40     1   2  2  

4 vs 4 Forward 
   Center                   Wing                     Time % Phy DF OF 
 1 Chad LaRose              Stefan Matteau           60     1   2  2  
 2 Brett Sutter             Justin Florek            40     1   2  2  

4 vs 4 Defense
   Defense                  Defense                  Time % Phy DF OF 
 1 Maxim Noreau             Kyle Cumiskey            60     1   2  2  
 2 Ben Youds                Steve Oleksy             40     1   2  2  

Last Minutes Offensive
   Center                   Left Wing                Right Wing               Defense                  Defense                  
   Luke Adam                Stefan Matteau           Chad LaRose              Maxim Noreau             Kyle Cumiskey            

Last Minutes Defensive
   Center                   Left Wing                Right Wing               Defense                  Defense                  
   Luke Adam                Stefan Matteau           Chad LaRose              Maxim Noreau             Kyle Cumiskey            

Goaltenders
Starting : FARM GOALIE1             
Backup : John Gibson              

Extra Forwards
Normal : Stefan Matteau, Tyler Brown, Andreas Athanasiou - PP : Stefan Matteau, Tyler Brown - PK : Andreas Athanasiou
Extra Defensemen
Normal : Ludwig Bystrom, FARM PLAYER12, Ben Youds - PP : Ludwig Bystrom - PK : FARM PLAYER12, Ben Youds
Penalty Shots
Andreas Athanasiou, Stefan Matteau, Brett Sutter, Justin Florek, Chad LaRose

Devils

5 vs 5 Forward 
   Center                   Left Wing                Right Wing               Time % Phy DF OF 
 1 Sean Collins             Jordan Martinook         Matthew Ford             35     1   2  2  
 2 Darroll Powe             Chris Mueller            Zach O'Brien             30     1   2  2  
 3 Rod Pelley               Yanni Gourde             Tom Kuhnhackl            22     1   2  2  
 4 Justin Dowling           Jordan Martinook         Matthew Ford             13     1   2  2  

5 vs 5 Defense 
   Defense                  Defense                                           Time % Phy DF OF 
 1 Colin Miller             Garrett Thompson                                  35     1   2  2  
 2 Joel Hanley              Gabriel Beaupre                                   30     1   2  2  
 3 Sena Acolatse            Colin Miller                                      22     1   2  2  
 4 Colin Miller             Garrett Thompson                                  13     1   2  2  

PowerPlay Forward 
   Center                   Left Wing                Right Wing               Time % Phy DF OF 
 1 Sean Collins             Jordan Martinook         Matthew Ford             60     1   2  2  
 2 Darroll Powe             Yanni Gourde             Zach O'Brien             40     1   2  2  

PowerPlay Defense
   Defense                  Defense                                           Time % Phy DF OF 
 1 Colin Miller             Garrett Thompson                                  60     1   2  2  
 2 Joel Hanley              Gabriel Beaupre                                   40     1   2  2  

Penalty Kill 4 Players Forward 
   Center                   Wing                     Time % Phy DF OF 
 1 Jordan Martinook         Matthew Ford             60     1   2  2  
 2 Sean Collins             Darroll Powe             40     1   2  2  

Penalty Kill 4 Players Defense
   Defense                  Defense                  Time % Phy DF OF 
 1 Colin Miller             Garrett Thompson         60     1   2  2  
 2 Joel Hanley              Gabriel Beaupre          40     1   2  2  

Penalty Kill - 3 Players Forward 
   Forward                                           Time % Phy DF OF 
 1 Jordan Martinook                                  60     1   2  2  
 2 Matthew Ford                                      40     1   2  2  

Penalty Kill - 3 Players Defense
   Defense                  Defense                  Time % Phy DF OF 
 1 Colin Miller             Garrett Thompson         60     1   2  2  
 2 Joel Hanley              Gabriel Beaupre          40     1   2  2  

4 vs 4 Forward 
   Center                   Wing                     Time % Phy DF OF 
 1 Jordan Martinook         Matthew Ford             60     1   2  2  
 2 Sean Collins             Darroll Powe             40     1   2  2  

4 vs 4 Defense
   Defense                  Defense                  Time % Phy DF OF 
 1 Colin Miller             Garrett Thompson         60     1   2  2  
 2 Joel Hanley              Gabriel Beaupre          40     1   2  2  

Last Minutes Offensive
   Center                   Left Wing                Right Wing               Defense                  Defense                  
   Sean Collins             Jordan Martinook         Matthew Ford             Colin Miller             Garrett Thompson         

Last Minutes Defensive
   Center                   Left Wing                Right Wing               Defense                  Defense                  
   Sean Collins             Jordan Martinook         Matthew Ford             Colin Miller             Garrett Thompson         

Goaltenders
Starting : Anthony Stolarz          
Backup : Jason Missiaen           

Extra Forwards
Normal : Yanni Gourde, Rod Pelley, Tom Kuhnhackl - PP : Yanni Gourde, Rod Pelley - PK : Tom Kuhnhackl
Extra Defensemen
Normal : Sena Acolatse, Colin Miller, Joel Hanley - PP : Sena Acolatse - PK : Colin Miller, Joel Hanley
Penalty Shots
Jordan Martinook, Matthew Ford, Sean Collins, Darroll Powe, Zach O'Brien

% Time on Ice - Bears

Lines # - Real PCT - Wanted PCT - Time Play
Normal Forward
1 - 30% - 35% - 14:19
2 - 21% - 30% - 9:54
3 - 23% - 22% - 11:14
4 - 26% - 13% - 12:31
Normal Defense
1 - 30% - 35% - 14:15
2 - 36% - 30% - 17:06
3 - 28% - 22% - 13:33
4 - 6% - 13% - 3:04
PP Forward
1 - 48% - 60% - 2:52
2 - 52% - 40% - 3:05
PP Defense
1 - 55% - 60% - 3:17
2 - 45% - 40% - 2:40
PK Forward
1 - 100% - 60% - 6:05
2 - 0% - 40% - 0:00
PK Defense
1 - 45% - 60% - 2:46
2 - 55% - 40% - 3:19
PK3 Forward
1 - 0% - 60%
2 - 0% - 40%
PK3 Defense
1 - 0% - 60%
2 - 0% - 40%
44 Forward
1 - 0% - 60%
2 - 0% - 40%
44 Defense
1 - 0% - 60%
2 - 0% - 40%
Last Minute Offensive  - 0:00
Last Minute Defensive  - 0:00
Total
Forward - 60:00
Defense - 60:00

% Time on Ice - Devils

Lines # - Real PCT - Wanted PCT - Time Play
Normal Forward
1 - 26% - 35% - 12:23
2 - 34% - 30% - 16:08
3 - 30% - 22% - 14:36
4 - 10% - 13% - 4:51
Normal Defense
1 - 29% - 35% - 13:41
2 - 38% - 30% - 18:05
3 - 29% - 22% - 13:54
4 - 5% - 13% - 2:18
PP Forward
1 - 50% - 60% - 3:01
2 - 50% - 40% - 3:04
PP Defense
1 - 51% - 60% - 3:07
2 - 49% - 40% - 2:58
PK Forward
1 - 88% - 60% - 5:14
2 - 12% - 40% - 0:43
PK Defense
1 - 81% - 60% - 4:49
2 - 19% - 40% - 1:08
PK3 Forward
1 - 0% - 60%
2 - 0% - 40%
PK3 Defense
1 - 0% - 60%
2 - 0% - 40%
44 Forward
1 - 0% - 60%
2 - 0% - 40%
44 Defense
1 - 0% - 60%
2 - 0% - 40%
Last Minute Offensive  - 0:00
Last Minute Defensive  - 0:00
Total
Forward - 60:00
Defense - 60:00

Play by Play

1st period


0:01 of 1st period - Matthew Ford wins face-off versus Luke Adam in neutral zone.
0:17 of 1st period - Snap shot by Luke Adam.
0:17 of 1st period - Shot Blocked by Garrett Thompson.
0:57 of 1st period - Icing by Brett Sutter.
0:58 of 1st period - Brett Sutter wins face-off versus Darroll Powe in Bears zone.
1:26 of 1st period - Chris Mueller is hit by Steve Oleksy and loses puck.
1:43 of 1st period - Slapshot by Andreas Athanasiou.
1:43 of 1st period - Shot Misses the Net.
1:45 of 1st period - Snap shot by Andreas Athanasiou.
1:45 of 1st period - Shot Hit the Post.
2:07 of 1st period - Justin Florek is hit by Gabriel Beaupre and loses puck.
2:14 of 1st period - Tom Kuhnhackl is hit by Justin Florek.
3:04 of 1st period - Maxime Macenauer is hit by Chris Mueller and loses puck.
3:33 of 1st period - Chad LaRose is hit by Jordan Martinook.
3:57 of 1st period - Ludwig Bystrom is hit by Garrett Thompson and loses puck.
4:24 of 1st period - Chris Mueller is hit by Brett Sutter and loses puck.
4:58 of 1st period - Icing by Sena Acolatse.
4:59 of 1st period - Jordan Martinook wins face-off versus Stefan Matteau in Devils zone.
5:04 of 1st period - Ben Youds is hit by Jordan Martinook.
5:46 of 1st period - Snap shot by Brett Sutter.
5:46 of 1st period - Shot Misses the Net.
5:48 of 1st period - Slapshot by Brett Sutter.
5:48 of 1st period - Shot Misses the Net.
6:12 of 1st period - Snap shot by Luke Adam.
6:12 of 1st period - Shot Misses the Net.
6:32 of 1st period - Snap shot by Brad Mills.
6:32 of 1st period - Stopped by Anthony Stolarz without a rebound.
6:33 of 1st period - Tyler Brown wins face-off versus Rod Pelley in Devils zone.
6:34 of 1st period - Slapshot by Andreas Athanasiou.
6:34 of 1st period - Shot Blocked by Joel Hanley.
7:18 of 1st period - Sena Acolatse is hit by Maxim Noreau and loses puck.
7:59 of 1st period - Snap shot by Stefan Matteau.
7:59 of 1st period - Stopped by Anthony Stolarz with a rebound.
8:01 of 1st period - Slapshot by Stefan Matteau.
8:01 of 1st period - Stopped by Anthony Stolarz without a rebound.
8:02 of 1st period - Darroll Powe wins face-off versus Luke Adam in Devils zone.
8:17 of 1st period - Snap shot by Jeremy Langlois.
8:17 of 1st period - Stopped by Anthony Stolarz with a rebound.
8:19 of 1st period - Slapshot by Ludwig Bystrom.
8:19 of 1st period - Shot Blocked by Yanni Gourde.
8:21 of 1st period - Snap shot by Brett Sutter.
8:21 of 1st period - Shot Misses the Net.
10:00 of 1st period - Minor Penalty to Colin Miller for Hooking.
10:01 of 1st period - Jordan Martinook wins face-off versus Chad LaRose in Devils zone.
11:43 of 1st period - Ben Youds is hit by Matthew Ford and loses puck.
12:00 of 1st period - Penalty to Colin Miller is over, Colin Miller is back on ice.
13:23 of 1st period - Stefan Matteau is hit by Darroll Powe and loses puck.
14:15 of 1st period - Wrist shot by Yanni Gourde.
14:15 of 1st period - Stopped by FARM GOALIE1 with a rebound.
14:46 of 1st period - Minor Penalty to Steve Oleksy for Hooking.
14:47 of 1st period - Chad LaRose wins face-off versus Sean Collins in Bears zone.
15:16 of 1st period - Zach O'Brien is hit by Chad LaRose and loses puck.
16:22 of 1st period - Ben Youds is hit by Gabriel Beaupre and loses puck.
16:46 of 1st period - Penalty to Steve Oleksy is over, Steve Oleksy is back on ice.
16:51 of 1st period - Andreas Athanasiou is hit by Yanni Gourde and loses puck.
17:14 of 1st period - Yanni Gourde is hit by Steve Oleksy and loses puck.
17:41 of 1st period - Off-side.
17:42 of 1st period - Justin Dowling wins face-off versus Maxime Macenauer in neutral zone.
17:53 of 1st period - Kyle Cumiskey is hit by Jordan Martinook and loses puck.
18:06 of 1st period - Andreas Athanasiou is hit by Darren Archibald and loses puck.
18:58 of 1st period - Tom Kuhnhackl is hit by Luke Adam and loses puck.
19:11 of 1st period - Minor Penalty to FARM PLAYER12 for Interference.
19:12 of 1st period - Sean Collins wins face-off versus Chad LaRose in Bears zone.
19:13 of 1st period - Snap shot by Jordan Martinook.
19:13 of 1st period - Stopped by FARM GOALIE1 with a rebound.
19:15 of 1st period - Slapshot by Jordan Martinook.
19:15 of 1st period - Shot Misses the Net.
19:17 of 1st period - Slapshot by Garrett Thompson.
19:17 of 1st period - Deflect By Jordan Martinook.
19:17 of 1st period - Stopped by FARM GOALIE1 with a rebound.
19:19 of 1st period - Wrist shot by Sean Collins.
19:19 of 1st period - Goal by Sean Collins - Bears : 0 - Devils : 1.
19:20 of 1st period - Justin Florek wins face-off versus Rod Pelley in neutral zone.
19:57 of 1st period - Snap shot by Chris Mueller.
19:57 of 1st period - Shot Misses the Net.
Goals for this period are 0 for Bears vs 1 for Devils.
Shots for this period are 4 for Bears vs 4 for Devils.

2nd period


0:01 of 2nd period - Brett Sutter wins face-off versus Matthew Ford in neutral zone.
0:04 of 2nd period - Snap shot by Brett Sutter.
0:04 of 2nd period - Shot Misses the Net.
0:06 of 2nd period - Snap shot by Brett Sutter.
0:06 of 2nd period - Shot Misses the Net.
0:08 of 2nd period - Slapshot by Brett Sutter.
0:08 of 2nd period - Shot Blocked by Sean Collins.
0:38 of 2nd period - Snap shot by Jordan Martinook.
0:38 of 2nd period - Stopped by FARM GOALIE1 with a rebound.
1:39 of 2nd period - Wrist shot by Andreas Athanasiou.
1:39 of 2nd period - Stopped by Anthony Stolarz without a rebound.
1:40 of 2nd period - Tom Kuhnhackl wins face-off versus Tyler Brown in Devils zone.
1:55 of 2nd period - Ben Youds is hit by Colin Miller.
1:59 of 2nd period - Snap shot by Andreas Athanasiou.
1:59 of 2nd period - Shot Misses the Net.
2:05 of 2nd period - Andreas Athanasiou is hit by Yanni Gourde and loses puck.
2:30 of 2nd period - Jordan Martinook is hit by Justin Florek and loses puck.
3:13 of 2nd period - Luke Adam is hit by Darroll Powe and loses puck.
3:20 of 2nd period - Chad LaRose is hit by Gabriel Beaupre and loses puck.
4:25 of 2nd period - Sean Collins is hit by Justin Florek and loses puck.
4:49 of 2nd period - Wrist shot by Andreas Athanasiou.
4:49 of 2nd period - Shot Misses the Net.
5:20 of 2nd period - Minor Penalty to Sena Acolatse for Holding.
5:21 of 2nd period - Jordan Martinook wins face-off versus Luke Adam in Devils zone.
5:38 of 2nd period - Snap shot by Jordan Martinook.
5:38 of 2nd period - Shot Misses the Net.
7:07 of 2nd period - Gabriel Beaupre is hit by Stefan Matteau and loses puck.
7:20 of 2nd period - Penalty to Sena Acolatse is over, Sena Acolatse is back on ice.
7:32 of 2nd period - Snap shot by Jeremy Langlois.
7:32 of 2nd period - Deflect By FARM PLAYER12.
7:32 of 2nd period - Shot Misses the Net.
7:32 of 2nd period - Puck is out of play.
7:33 of 2nd period - Darroll Powe wins face-off versus Tyler Brown in Devils zone.
7:33 of 2nd period - Darroll Powe is hit by Jeremy Langlois.
7:41 of 2nd period - Gabriel Beaupre is hit by Kyle Cumiskey and loses puck.
8:51 of 2nd period - Snap shot by Sean Collins.
8:51 of 2nd period - Shot Blocked by Andreas Athanasiou.
8:53 of 2nd period - Wrist shot by Jordan Martinook.
8:53 of 2nd period - Shot Misses the Net.
9:20 of 2nd period - Zach O'Brien is hit by Tyler Brown and loses puck.
10:05 of 2nd period - Snap shot by Sean Collins.
10:05 of 2nd period - Shot Misses the Net.
10:07 of 2nd period - Slapshot by Joel Hanley.
10:07 of 2nd period - Shot Blocked by Ben Youds.
10:43 of 2nd period - Icing by Ben Youds.
10:44 of 2nd period - Justin Dowling wins face-off versus Luke Adam in Bears zone.
11:56 of 2nd period - Kevin Henderson is hit by Jordan Martinook and loses puck.
12:09 of 2nd period - Snap shot by Sean Collins.
12:09 of 2nd period - Shot Misses the Net.
12:32 of 2nd period - Zach O'Brien is hit by Andreas Athanasiou and loses puck.
12:37 of 2nd period - Wrist shot by Andreas Athanasiou.
12:37 of 2nd period - Stopped by Anthony Stolarz without a rebound.
12:38 of 2nd period - Brett Sutter wins face-off versus Rod Pelley in Devils zone.
13:02 of 2nd period - Sena Acolatse is hit by Kevin Henderson and loses puck.
13:47 of 2nd period - Wrist shot by Kevin Henderson.
13:47 of 2nd period - Stopped by Anthony Stolarz without a rebound.
13:48 of 2nd period - Darroll Powe wins face-off versus Maxime Macenauer in Devils zone.
15:01 of 2nd period - Andreas Athanasiou is hit by Chris Mueller and loses puck.
15:29 of 2nd period - Snap shot by Tom Kuhnhackl.
15:29 of 2nd period - Shot Misses the Net.
15:40 of 2nd period - Tom Kuhnhackl is hit by Maxim Noreau and loses puck.
15:53 of 2nd period - Chris Mueller is hit by Luke Adam and loses puck.
16:04 of 2nd period - Slapshot by Darroll Powe.
16:04 of 2nd period - Stopped by FARM GOALIE1 without a rebound.
16:05 of 2nd period - Darroll Powe wins face-off versus Luke Adam in Bears zone.
16:18 of 2nd period - Stefan Matteau is hit by Matthew Ford and loses puck.
17:39 of 2nd period - Wrist shot by Sean Collins.
17:39 of 2nd period - Stopped by FARM GOALIE1 with a rebound.
18:03 of 2nd period - Wrist shot by Zach O'Brien.
18:03 of 2nd period - Stopped by FARM GOALIE1 with a rebound.
18:26 of 2nd period - Luke Adam is hit by Rod Pelley.
18:40 of 2nd period - Brett Sutter is hit by John Ramage and loses puck.
Goals for this period are 0 for Bears vs 0 for Devils.
Shots for this period are 3 for Bears vs 4 for Devils.

3rd period


0:01 of 3rd period - Sean Collins wins face-off versus Brett Sutter in neutral zone.
0:26 of 3rd period - Slapshot by Jordan Martinook.
0:26 of 3rd period - Shot Misses the Net.
0:28 of 3rd period - Slapshot by Garrett Thompson.
0:28 of 3rd period - Shot Blocked by Brett Sutter.
0:30 of 3rd period - Snap shot by Matthew Ford.
0:30 of 3rd period - Stopped by FARM GOALIE1 with a rebound.
0:32 of 3rd period - Wrist shot by Colin Miller.
0:32 of 3rd period - Stopped by FARM GOALIE1 with a rebound.
0:34 of 3rd period - Slapshot by Sean Collins.
0:34 of 3rd period - Shot Misses the Net.
0:36 of 3rd period - Snap shot by Matthew Ford.
0:36 of 3rd period - Shot Misses the Net.
0:38 of 3rd period - Slapshot by Sean Collins.
0:38 of 3rd period - Goal by Sean Collins - Bears : 0 - Devils : 2.
0:39 of 3rd period - Stefan Matteau wins face-off versus Darroll Powe in neutral zone.
0:56 of 3rd period - Wrist shot by Luke Adam.
0:56 of 3rd period - Shot Blocked by Joel Hanley.
0:58 of 3rd period - Slapshot by Ben Youds.
0:58 of 3rd period - Shot Blocked by Gabriel Beaupre.
1:00 of 3rd period - Wrist shot by Chad LaRose.
1:00 of 3rd period - Stopped by Anthony Stolarz with a rebound.
1:31 of 3rd period - Gabriel Beaupre is hit by Justin Florek and loses puck.
1:52 of 3rd period - Jeremy Langlois is hit by Gabriel Beaupre and loses puck.
2:15 of 3rd period - Snap shot by Tom Kuhnhackl.
2:15 of 3rd period - Shot Blocked by Ludwig Bystrom.
2:17 of 3rd period - Slapshot by Colin Miller.
2:17 of 3rd period - Stopped by FARM GOALIE1 with a rebound.
2:19 of 3rd period - Slapshot by Tom Kuhnhackl.
2:19 of 3rd period - Goal by Tom Kuhnhackl - Bears : 0 - Devils : 3.
2:20 of 3rd period - Luke Adam wins face-off versus Rod Pelley in neutral zone.
2:31 of 3rd period - Slapshot by Luke Adam.
2:31 of 3rd period - Stopped by Anthony Stolarz with a rebound.
2:33 of 3rd period - Wrist shot by Stefan Matteau.
2:33 of 3rd period - Stopped by Anthony Stolarz without a rebound.
2:34 of 3rd period - Chad LaRose wins face-off versus Rod Pelley in Devils zone.
2:43 of 3rd period - Wrist shot by Stefan Matteau.
2:43 of 3rd period - Deflect By Luke Adam.
2:43 of 3rd period - Shot Misses the Net.
2:43 of 3rd period - Puck is out of play.
2:44 of 3rd period - Sean Collins wins face-off versus Brett Sutter in Devils zone.
2:44 of 3rd period - Sean Collins is hit by Justin Florek.
2:52 of 3rd period - Slapshot by Colin Miller.
2:52 of 3rd period - Deflect By Jordan Martinook.
2:52 of 3rd period - Shot Blocked by Maxim Noreau.
2:52 of 3rd period - Puck is out of play.
2:53 of 3rd period - Sean Collins wins face-off versus Brett Sutter in Bears zone.
2:56 of 3rd period - Snap shot by Jordan Martinook.
2:56 of 3rd period - Stopped by FARM GOALIE1 with a rebound.
3:44 of 3rd period - Wrist shot by Darroll Powe.
3:44 of 3rd period - Stopped by FARM GOALIE1 with a rebound.
3:46 of 3rd period - Wrist shot by Zach O'Brien.
3:46 of 3rd period - Shot Blocked by Maxim Noreau.
3:48 of 3rd period - Slapshot by Darroll Powe.
3:48 of 3rd period - Shot Misses the Net.
3:50 of 3rd period - Wrist shot by Zach O'Brien.
3:50 of 3rd period - Stopped by FARM GOALIE1 with a rebound.
3:52 of 3rd period - Snap shot by Darroll Powe.
3:52 of 3rd period - Shot Misses the Net.
3:54 of 3rd period - Slapshot by Chris Mueller.
3:54 of 3rd period - Goal by Chris Mueller - Bears : 0 - Devils : 4.
3:54 of 3rd period - John Gibson enters game.
3:55 of 3rd period - Luke Adam wins face-off versus Darroll Powe in neutral zone.
4:07 of 3rd period - Joel Hanley is hit by Luke Adam and loses puck.
5:31 of 3rd period - Kevin Henderson is hit by Rod Pelley and loses puck.
5:50 of 3rd period - Yanni Gourde is hit by Maxime Macenauer.
6:12 of 3rd period - Wrist shot by Andreas Athanasiou.
6:12 of 3rd period - Stopped by Anthony Stolarz with a rebound.
6:20 of 3rd period - Wrist shot by Andreas Athanasiou.
6:20 of 3rd period - Shot Misses the Net.
8:11 of 3rd period - Chris Mueller is hit by Kevin Henderson and loses puck.
8:27 of 3rd period - Minor Penalty to Colin Miller for Holding.
8:28 of 3rd period - Jordan Martinook wins face-off versus Luke Adam in Devils zone.
9:15 of 3rd period - Snap shot by Jeremy Langlois.
9:15 of 3rd period - Shot Misses the Net.
9:25 of 3rd period - Chad LaRose is hit by Darren Archibald and loses puck.
10:27 of 3rd period - Penalty to Colin Miller is over, Colin Miller is back on ice.
10:51 of 3rd period - Slapshot by Maxime Macenauer.
10:51 of 3rd period - Stopped by Anthony Stolarz with a rebound.
10:53 of 3rd period - Wrist shot by Andreas Athanasiou.
10:53 of 3rd period - Shot Misses the Net.
10:59 of 3rd period - Slapshot by Kevin Henderson.
10:59 of 3rd period - Deflect By Darroll Powe.
10:59 of 3rd period - Stopped by Anthony Stolarz with a rebound.
11:03 of 3rd period - Slapshot by Andreas Athanasiou.
11:03 of 3rd period - Stopped by Anthony Stolarz with a rebound.
11:05 of 3rd period - Slapshot by FARM PLAYER12.
11:05 of 3rd period - Stopped by Anthony Stolarz with a rebound.
11:11 of 3rd period - Snap shot by Ludwig Bystrom.
11:11 of 3rd period - Stopped by Anthony Stolarz with a rebound.
11:28 of 3rd period - Minor Penalty to FARM PLAYER12 for High sticking.
11:29 of 3rd period - Darroll Powe wins face-off versus Chad LaRose in Bears zone.
12:01 of 3rd period - Stefan Matteau is hit by Jordan Martinook and loses puck.
12:44 of 3rd period - Jordan Martinook is hit by Steve Oleksy and loses puck.
12:50 of 3rd period - Off-side.
12:51 of 3rd period - Andreas Athanasiou wins face-off versus Sean Collins in neutral zone.
13:28 of 3rd period - Penalty to FARM PLAYER12 is over, FARM PLAYER12 is back on ice.
13:28 of 3rd period - Chad LaRose is hit by Matthew Ford and loses puck.
14:15 of 3rd period - Andreas Athanasiou is hit by Tom Kuhnhackl and loses puck.
14:26 of 3rd period - Joel Hanley is hit by Tyler Brown and loses puck.
14:51 of 3rd period - Wrist shot by Tom Kuhnhackl.
14:51 of 3rd period - Shot Misses the Net.
14:53 of 3rd period - Wrist shot by Rod Pelley.
14:53 of 3rd period - Stopped by John Gibson with a rebound.
15:00 of 3rd period - Minor Penalty to Maxime Macenauer for Hooking.
15:01 of 3rd period - Darroll Powe wins face-off versus Chad LaRose in Bears zone.
16:33 of 3rd period - Snap shot by Chris Mueller.
16:33 of 3rd period - Stopped by John Gibson with a rebound.
16:51 of 3rd period - Wrist shot by Kevin Henderson.
16:51 of 3rd period - Goal by Kevin Henderson - Bears : 1 - Devils : 4.
16:52 of 3rd period - Darroll Powe wins face-off versus Stefan Matteau in neutral zone.
17:00 of 3rd period - Penalty to Maxime Macenauer is over, Maxime Macenauer is back on ice.
17:11 of 3rd period - Slapshot by Jeremy Langlois.
17:11 of 3rd period - Stopped by Anthony Stolarz without a rebound.
17:12 of 3rd period - Darroll Powe wins face-off versus Brett Sutter in Devils zone.
17:33 of 3rd period - Wrist shot by Justin Florek.
17:33 of 3rd period - Stopped by Anthony Stolarz with a rebound.
17:36 of 3rd period - Icing by Sena Acolatse.
17:37 of 3rd period - Rod Pelley wins face-off versus Tyler Brown in Devils zone.
17:54 of 3rd period - Slapshot by Sena Acolatse.
17:54 of 3rd period - Shot Blocked by Maxim Noreau.
17:56 of 3rd period - Snap shot by Darren Archibald.
17:56 of 3rd period - Shot Misses the Net.
18:12 of 3rd period - Wrist shot by Jordan Martinook.
18:12 of 3rd period - Shot Blocked by Tyler Brown.
18:18 of 3rd period - Slapshot by Justin Dowling.
18:18 of 3rd period - Shot Misses the Net.
18:40 of 3rd period - Maxime Macenauer is hit by Darroll Powe and loses puck.
18:55 of 3rd period - Slapshot by Maxime Macenauer.
18:55 of 3rd period - Stopped by Anthony Stolarz with a rebound.
19:50 of 3rd period - Chad LaRose is hit by Zach O'Brien and loses puck.
Goals for this period are 1 for Bears vs 3 for Devils.
Shots for this period are 13 for Bears vs 11 for Devils.